 Dungeon Crawl Stone Soup version 0.28-a0-803-g74956062c1 (webtiles) character file.

Game seed: 14623001278913417031

3795 BlueGoblin the Frost Mage (level 10, -4/43 (49) HPs)
             Began as a Vine Stalker Ice Elementalist on Nov 7, 2021.
             Was a Follower of Dithmenos.
             Collided with a rock wall (7 damage)
             ... caused by Erica
             ... on level 8 of the Dungeon.
             The game lasted 00:19:19 (7968 turns).

BlueGoblin the Frost Mage (VSIE)                    Turns: 7968, Time: 00:19:20

HP:   -4/43 (49)    AC:  6    Str: 11    XL:     10   Next: 16%
MP:   0/33          EV: 14    Int: 18    God:    Dithmenos [*.....]
Gold: 352           SH:  0    Dex: 15    Spells: 21/27 levels left

rFire   . . .      SeeInvis +   e - +1 dagger
rCold   . . .      Faith    .   (no shield)
rNeg    . . .      Spirit   +   t - +0 steam dragon scales
rPois   .          Reflect  .   i - +0 helmet
rElec   .          Harm     .   (no cloak)
rCorr   .          Rampage  .   (no gloves)
Will    +....                   (no boots)
Stlth   ++........              l - amulet of regeneration
HPRegen 2.14/turn               p - ring of see invisible
MPRegen 0.23/turn               q - ring of magical power

@: wreathed by umbra, studying Poison Magic, heavily drained
A: fangs 3, regeneration 1, magic shield, antimagic bite, no potion heal 2
a: Renounce Religion


You were on level 8 of the Dungeon.
You worshipped Dithmenos.
Dithmenos was aware of your devotion.
You visited 2 branches of the dungeon, and saw 9 of its levels.

You collected 352 gold pieces.

Inventory:

Hand Weapons
 e - a +1 dagger (weapon)
 h - the +11 hand crossbow of Casalir {venom, Int+4}
   (You found it on level 4 of the Dungeon)

   Any ammunition fired from it poisons the flesh of those it strikes.
   Int:       It affects your intelligence (+4).
Armour
 a - a +0 robe
 c - a +1 ring mail of cold resistance
 i - a +0 helmet (worn)
 t - +0 steam dragon scales (worn)
Jewellery
 j - a ring of fire
 l - an amulet of regeneration (around neck)
 p - a ring of see invisible (left hand)
 q - a ring of magical power (right hand)
Wands
 r - a wand of paralysis (3)
Scrolls
 b - 4 scrolls of enchant weapon
 d - 2 scrolls of amnesia
 g - 3 scrolls of identify
 u - a scroll of noise {unknown}
 v - a scroll of teleportation
 w - a scroll of fog {unknown}
Potions
 f - a potion of might
 k - a potion of invisibility
 m - a potion of mutation
 n - a potion of flight
 o - a potion of cancellation
 s - a potion of degeneration {unknown}
 x - 3 potions of curing {unknown}
 z - a potion of ambrosia {unknown}


   Skills:
 + Level 3.5 Fighting
 + Level 4.9 Dodging
 - Level 2.4 Stealth
 + Level 9.3 Spellcasting
 + Level 9.6 Ice Magic


You had 21 spell levels left.
You knew the following spells:

 Your Spells              Type           Power      Damage    Failure   Level
a - Ozocubu's Armour      Ice            43%        N/A       1%          3
s - Frozen Ramparts       Ice            86%        1d10      1%          3

Your spell library contained the following spells:

 Spells                   Type           Power      Damage    Failure   Level
 Freeze                   Ice            100%       1d11      1%          1
 Hailstorm                Conj/Ice       25%        3d7       12%         4
 Portal Projectile        Hex/Tloc       16%        N/A       26%         3
 Blade Hands              Tmut           4%         N/A       94%         5
 Excruciating Wounds      Necr           4%         N/A       94%         5
 Fireball                 Conj/Fire      4%         3d4       94%         5
 Iskenderun's Battlesphe  Conj           8%         2d6       94%         5
 Conjure Ball Lightning   Conj/Air       4%         3x3d6     100%        6
 Orb of Destruction       Conj           4%         9d2       100%        7


Dungeon Overview and Level Annotations

Branches:
Dungeon (8/15)             Temple (1/1) D:6
   Lair: D:8-11

Altars:
Ashenzari
Cheibriados
Dithmenos
Elyvilon
Fedhas
Gozag
Hepliaklqana
Kikubaaqudgha
Makhleb
Nemelex Xobeh
Okawaru
Qazlal
Ru
Sif Muna
Trog
Uskayaw
Vehumet
Wu Jian
Xom
Yredelemnul
Zin
The Shining One

Annotations:
D:5 2 transporters
D:8 Erica


Innate Abilities, Weirdness & Mutations

You have razor-sharp teeth.
Your natural rate of healing is unusually fast.
When hurt, damage is shared between your health and your magic reserves.
Your bite disrupts and absorbs the magic of your enemies.
Potions cannot restore your health.


Message History

Erica hits you with a +3 scimitar of flaming!
Erica burns you.
An orc comes into view. It is wielding a +0 dagger.
The heat melts your icy armour.
Casting: Ozocubu's Armour (safe; 1% risk of failure)
Confirm with . or Enter, or press ? or * to list all spells.
Casting: Frozen Ramparts (safe; 1% risk of failure)
Press: ? - help, Dir - look around, f - activate This square is wreathed by an umbra.
The walls around you are covered in ice.
The wall freezes Erica!
Erica gestures at you while chanting. You resist with some effort.
The wall freezes the orc.
You are too injured to fight recklessly!
Unknown command.
You closely miss Erica.
Erica is severely wounded.
The wall freezes the orc!
You kill the orc!
Dithmenos accepts your kill.
The wall freezes Erica!
Erica hits you with a +3 scimitar of flaming!
Erica burns you.
The wall freezes the orc priest!
A centaur comes into view.
The heat melts your icy armour.
The centaur shouts!
You hit Erica but do no damage.
Erica is almost dead.
The wall freezes Erica.
Erica gestures at you while chanting. The lance of force hits you.
Your icy armour cracks and falls away as you move.
The frozen ramparts melt away as you move.
You are knocked back by the lance of force.
Erica gestures at you while chanting. The lance of force hits you!!
* * * LOW HITPOINT WARNING * * *
You are knocked back by the lance of force.
You slam into the rock wall!
You die...

#......##...### ..###
#... #.###.###
#.####...#. #o)#).#
#.##...###. ##)#.##
#.##.## #. #o#.# #.##.#
##. #####o#.#### #.##.#
#.. #.....@....# #.##.#
#.# #..........#
#.##.####.# #.........@#
#.##.#....# #..........#
#....#.#### #..........#
#..##..#
#..........######..##.##
#...(......#..........#
#..........#..........#
#Z.........#..........#
############..........#
#.......#.###


You could see Erica (invisible) and an orc priest.

Vanquished Creatures
  A wraith (D:5)
  A wyvern (D:8)
  2 steam dragons
  A vampire mosquito (D:6)
  An ice beast (D:6)
  2 sky beasts (D:7)
  A black bear (D:6)
  3 necrophages
  3 orc warriors
  5 ogres
  2 phantoms
  2 centaurs (D:6)
  Blork the orc (D:6)
  A bullfrog (D:6)
  A scorpion (D:6)
  A wyvern zombie (D:8)
  A wyvern skeleton (D:7)
  2 water moccasin skeletons (D:5)
  3 killer bees (D:8)
  3 howler monkeys
  3 wights (D:8)
  2 jellies
  A bullfrog zombie (D:5)
  2 hounds
  2 orc priests
  2 bullfrog skeletons
  A centaur skeleton (D:7)
  3 orc wizards (D:7)
  4 iguanas
  A scorpion zombie (D:5)
  A hound skeleton (D:5)
  A howler monkey zombie (D:7)
  3 gnolls
  8 adders
  2 shadow imps
  2 white imps
  2 ufetubi (D:6)
  An adder skeleton (D:4)
  A dart slug (D:2)
  A worm (D:2)
  14 orcs
  5 ball pythons
  3 endoplasms
  3 giant cockroaches
  11 goblins
  11 hobgoblins
  4 quokkas
  3 bats
  5 frilled lizards
  4 kobolds
  A rat (D:1)
144 creatures vanquished.

Vanquished Creatures (others)
  2 withered plants (D:3)
2 creatures vanquished.

Grand Total: 146 creatures vanquished

Notes
Turn   | Place    | Note
-------+----------+-------------------------------------------
     0 | D:1      | BlueGoblin the Vine Stalker Ice Elementalist began the
                  | quest for the Orb.
     0 | D:1      | Reached XP level 1. HP: 9/9 MP: 4/4
   586 | D:1      | Reached XP level 2. HP: 3/13 MP: 3/6
  1319 | D:2      | Reached XP level 3. HP: 16/16 MP: 4/7
  1434 | D:2      | Found a faded altar of an unknown god.
  2147 | D:2      | Gained mutation: Your natural rate of healing is unusually
                  | fast. [Vine Stalker growth]
  2147 | D:2      | Reached XP level 4. HP: 17/21 MP: 2/9
  2442 | D:2      | Reached skill level 5 in Ice Magic
  2934 | D:3      | Found a burning altar of Makhleb.
  3102 | D:3      | Found an ancient bone altar of Kikubaaqudgha.
  3318 | D:3      | Learned a level 3 spell: Frozen Ramparts
  3322 | D:3      | Learned a level 3 spell: Ozocubu's Armour
  3380 | D:4      | Noticed an ogre
  3456 | D:4      | Reached XP level 5. HP: 24/24 MP: 7/11
  3730 | D:4      | Killed an ogre
  3731 | D:4      | Reached XP level 6. HP: 27/29 MP: 5/13
  4413 | D:4      | Identified the +11 hand crossbow of Casalir {venom, Int+4}
  4438 | D:5      | Entered Level 5 of the Dungeon
  4444 | D:5      | Noticed a necrophage
  4496 | D:4      | Killed a necrophage
  4497 | D:4      | Reached skill level 1 in Fighting
  4497 | D:4      | Reached skill level 5 in Spellcasting
  4519 | D:5      | Reached XP level 7. HP: 21/33 MP: 11/15
  4610 | D:5      | Found a transporter.
  4780 | D:5      | Found a transporter.
  5284 | D:5      | Gained mutation: You have razor-sharp teeth. [Vine Stalker
                  | growth]
  5284 | D:5      | Reached XP level 8. HP: 37/37 MP: 11/18
  5637 | D:6      | Noticed a wraith
  5658 | D:5      | Killed a wraith
  6077 | D:6      | Reached XP level 9. HP: 38/43 MP: 14/21
  6168 | D:6      | Found a staircase to the Ecumenical Temple.
  6171 | D:6      | Noticed Blork the orc
  6181 | D:6      | Killed Blork the orc
  6347 | Temple   | Entered the Ecumenical Temple
  6501 | Temple   | Became a worshipper of Dithmenos the Shadowed
  7260 | D:7      | Found Ygro's Magic Scroll Shop.
  7351 | D:7      | Found a glowing silver altar of Zin.
  7351 | D:7      | Found a broken altar of Ashenzari.
  7353 | D:7      | Found a glowing golden altar of the Shining One.
  7646 | D:8      | Reached XP level 10. HP: 30/46 MP: 14/24
  7859 | D:8      | Reached * piety under Dithmenos
  7942 | D:8      | Noticed Erica
  7968 | D:8      | Collided with a rock wall

Illustrated notes

Levels and vault maps discovered:
D:1:      roderic_chinese_lattice_arrival, layout_basic, serial_corexii_hall,
          corexii_hall_statues_l, corexii_hall_statues_deadend
D:2:      layout_basic, shapermc_ecumenical_altar_totnotflames
D:3:      layout_loops_ring, lemuel_doored_altar, kiku_gazebo_garden_becter,
          minmay_misc_feat_five
D:4:      layout_rooms, minmay_misc_feat_iff
D:5:      gammafunk_steamed_eel, layout_loops_ring
D:6:      layout_basic, minmay_temple_entry_arrows, minmay_manual_mess,
          uniq_blork_the_orc
D:7:      layout_gridville, minitemple, serial_shops, shop,
          kennysheep_generic_room_12
D:8:      layout_rooms, enter_bailey_4, uniq_erica
Temple:   minmay_crystal_spiral_temple

Skill      XL: |  1  2  3  4  5  6  7  8  9 |
---------------+----------------------------+-----
Spellcasting   | 3 4 5 6 7 9 |  9.3
Ice Magic      | 5 6 8 9 |  9.6
Dodging        | 2 3 4 |  4.9
Fighting       | 1 2 3 |  3.5
Stealth        | |  2.4

Action                   |  1- 3 |  4- 6 |  7- 9 | 10-12 || total
-------------------------+-------+-------+-------+-------++-------
Melee: Unarmed           |     8 |       |       |       ||     8
       Bite              |     5 |    34 |   104 |    26 ||   169
       Dagger            |     4 |   129 |   333 |    72 ||   538
 Cast: Freeze            |    52 |    11 |       |       ||    63
       Frozen Ramparts   |       |     9 |    32 |     3 ||    44
       Ozocubu's Armour  |       |    11 |    31 |     8 ||    50
  Use: Scroll            |       |     7 |     4 |       ||    11
 Stab: Sleeping          |       |     4 |     3 |       ||     7
       Distracted        |       |       |     1 |       ||     1
Armor: Robe              |    12 |    36 |   116 |       ||   164
       Steam dragon scal |       |       |    34 |    36 ||    70
Dodge: Dodged            |    30 |    72 |   231 |    90 ||   423

Table legend: (Time is in decaauts)
 A = Elapsed time spent in this place.
 B = Non-inter-level travel time spent in this place.
 C = Inter-level travel time spent in this place.
 D = Time resting spent in this place.
 E = Time spent auto-exploring this place.
 F = Levels seen in this place.
 G = Mean time per level.
                   A        B        C        D        E       F      G
               +--------+--------+--------+--------+--------+-----+--------+
         Total |   7979 |   7552 |    427 |    373 |   5326 |   9 |  886.6 |
       Dungeon |   7779 |   7439 |    340 |    373 |   5326 |   8 |  972.4 |
        Temple |    200 |    113 |     87 |      0 |      0 |   1 |  200.0 |
               +--------+--------+--------+--------+--------+-----+--------+

Top non-repeatable levels by time:
     D:1: 1555 daAuts
     D:5: 1178 daAuts
     D:2: 1147 daAuts
     D:4: 1039 daAuts
     D:6: 927 daAuts
     D:3: 751 daAuts
     D:7: 714 daAuts
     D:8: 464 daAuts
  Temple: 200 daAuts
